 Dungeon Crawl Stone Soup version 0.28-a0-726-g4a9143789a (webtiles) character file.

Game seed: 16092765715302618642

109 bande the Covered (level 4, 0/29 HPs)
             Began as a Gargoyle Fighter on Oct 28, 2021.
             Slain by a gnoll (1 damage)
             ... on level 2 of the Dungeon.
             The game lasted 00:03:08 (2509 turns).

bande the Covered (Gargoyle Fighter)                Turns: 2509, Time: 00:03:09

Health: 0/29       AC: 10    Str: 20    XL:     4   Next: 90%
Magic:  4/4        EV:  9    Int:  9    God:
Gold:   36         SH:  4    Dex:  9    Spells: 3/3 levels left

rFire   . . .      SeeInvis .   a - +0 war axe
rCold   . . .      Faith    .   c - +0 buckler
rNeg    + . .      Spirit   .   b - +0 scale mail
rPois   ∞          Reflect  .   (no helmet)
rElec   +          Harm     .   (no cloak)
rCorr   .          Rampage  .   (no gloves)
Will    .....                   (no boots)
Stlth   ..........              (no amulet)
HPRegen 0.09/turn               (no ring)
MPRegen 0.09/turn               (no ring)

@: no status effects
A: sickness immunity, AC +3, negative energy resistance 1, electricity
resistance, torment resistance 1, petrification resistance
a: no special abilities


You were on level 2 of the Dungeon.
You visited 1 branch of the dungeon, and saw 3 of its levels.

You collected 36 gold pieces.

Inventory:

Hand Weapons
 a - a +0 war axe (weapon)
Armour
 b - a +0 scale mail (worn)
 c - a +0 buckler (worn)
Potions
 d - 2 potions of might
 e - a potion of degeneration {unknown}
 g - a potion of heal wounds
 h - a potion of curing
 i - a potion of cancellation {unknown}


   Skills:
 + Level 3.9 Fighting
 + Level 3.2 Axes
 + Level 4.0 Armour
 + Level 3.6 Shields


You had 3 spell levels left.
You didn't know any spells.
Your spell library contained the following spells:

 Spells                   Type           Power      Damage    Failure   Level
 Animate Skeleton         Necr           0%         N/A       75%         1
 Pain                     Necr           0%         1d4       75%         1
 Vampiric Draining        Necr           0%         2d6       98%         3


Dungeon Overview and Level Annotations

Branches:
Dungeon (3/15)

Altars:


Innate Abilities, Weirdness & Mutations

You are immune to sickness and miasma.
Your stone body is resilient. (AC +3)
You are immune to poison.
You resist negative energy. (rN+)
You are resistant to electric shocks. (rElec)
You are resistant to unholy torment.
You are immune to petrification.


Message History

The gnoll throws a throwing net.
You block the throwing net.
You see here a throwing net.
There is a stone staircase leading up here.
You climb upwards.
There is a stone staircase leading down here.
You start resting.
You start resting.
HP restored.
You climb downwards.
The gnoll hits you but does no damage. x2
The gnoll hits you with a +0 club.
There is a stone staircase leading up here.
Unknown command.
The gnoll hits you from afar with a +0 halberd.
You block the gnoll's attack. The gnoll barely misses you.
You climb upwards.
There is a stone staircase leading down here.
Unknown command.
Unknown command.
You hit the gnoll.
The gnoll is lightly wounded.
You closely miss the gnoll. The gnoll hits you with a +0 flail.
The gnoll hits you but does no damage. The gnoll hits you with a +0 flail!
You barely miss the gnoll.
The gnoll is lightly wounded.
Your scale mail prevents you from hitting the gnoll.
The gnoll hits you but does no damage. The gnoll closely misses you.
The gnoll hits you with a +0 club.
Unknown command.
You hit the gnoll.
The gnoll is heavily wounded.
You hit the gnoll. The gnoll closely misses you.
The gnoll hits you with a +0 club.
* * * LOW HITPOINT WARNING * * *
You barely miss the gnoll.
The gnoll is heavily wounded.
You closely miss the gnoll. The gnoll closely misses you.
The gnoll hits you with a +0 club.
* * * LOW HITPOINT WARNING * * *
The gnoll hits you with a +0 flail.
You die...

######.# .....#.#
####.#.#########
#.#.........#
#.#########.# #.#
#.# ####.### #.#
#......# ###'####
#......# #....@.#
#......## #...)gg#
####....# #......#
#......# #......#
#......# #......#
##...#######......#
...#...........####
...#############
÷..'.#


You could see 2 gnolls.

Vanquished Creatures
  3 gnolls
  3 adders (D:2)
  4 dart slugs
  6 ball pythons
  8 endoplasms
  2 giant cockroaches (D:2)
  3 goblins
  2 hobgoblins
  4 quokkas
  3 bats
  3 frilled lizards (D:1)
  3 kobolds (D:1)
  2 rats
46 creatures vanquished.

Notes
Turn   | Place    | Note
-------+----------+-------------------------------------------
     0 | D:1      | bande the Gargoyle Fighter began the quest for the Orb.
     0 | D:1      | Reached XP level 1. HP: 14/14 MP: 1/1
    81 | D:1      | Reached XP level 2. HP: 12/19 MP: 2/2
   644 | D:1      | Reached XP level 3. HP: 22/24 MP: 3/3
  1473 | D:2      | Reached XP level 4. HP: 22/29 MP: 4/4
  1672 | D:2      | Reached skill level 4 in Armour
  2509 | D:2      | HP: 1/29 [gnoll (5)]
  2509 | D:2      | Slain by a gnoll

Illustrated notes

Levels and vault maps discovered:
D:1:      heliophobic_arrival_henge, layout_basic
D:2:      layout_basic, uniq_terence
D:3:      layout_loops_cross, mainiacjoe_overflow_alcove_1,
          shapermc_ecumenical_altar_ellora, gammafunk_ghost_arena,
          corexii_corridor_pit, uniq_natasha

Skill      XL: |  1  2  3  4 |
---------------+-------------+-----
Axes           | 2 3 |  3.2
Armour         | 4 |  4.0
Fighting       | |  3.9
Shields        | |  3.6

Action                   |  1- 3 |  4- 6 || total
-------------------------+-------+-------++-------
Melee: War axe           |   109 |    34 ||   143
  Use: Scroll            |       |     3 ||     3
Armor: Scale mail        |    59 |    21 ||    80
Dodge: Dodged            |    53 |    30 ||    83
Block: Buckler           |    21 |     7 ||    28

Table legend: (Time is in decaauts)
 A = Elapsed time spent in this place.
 B = Non-inter-level travel time spent in this place.
 C = Inter-level travel time spent in this place.
 D = Time resting spent in this place.
 E = Time spent auto-exploring this place.
 F = Levels seen in this place.
 G = Mean time per level.
                   A        B        C        D        E       F      G
               +--------+--------+--------+--------+--------+-----+--------+
         Total |   2568 |   2549 |     19 |    924 |   1191 |   3 |  856.0 |
       Dungeon |   2568 |   2549 |     19 |    924 |   1191 |   3 |  856.0 |
               +--------+--------+--------+--------+--------+-----+--------+

Top non-repeatable levels by time:
     D:1: 1104 daAuts
     D:2: 1080 daAuts
     D:3: 383 daAuts
